 Dungeon Crawl Stone Soup version 0.20-a0-809-gaf7f668 (webtiles) character file.

235 Alarkh the Skirmisher (level 5, -22/41 HPs)
             Began as a Demonspawn Fighter on Mar 2, 2017.
             Killed from afar by Dowan (28 damage)
             ... with a shard of ice
             ... on level 4 of the Dungeon.
             The game lasted 00:03:08 (3900 turns).

Alarkh the Skirmisher (Demonspawn Fighter)          Turns: 3900, Time: 00:03:09

Health: -22/41     AC: 13    Str: 16    XL:     5   Next: 76%
Magic:  1/5        EV:  7    Int: 16    God:
Gold:   173        SH:  8    Dex: 10    Spells: 4/4 levels left

rFire    + . .     SeeInvis .   a - +0 long sword
rCold    . . .     Gourm    .   b - +0 scale mail
rNeg     . . .     Faith    .   c - +0 shield
rPois    .         Spirit   .   v - +0 helmet
rElec    .         Reflect  .   (no cloak)
rCorr    +         Harm     .   (no gloves)
MR       .....     Clarity  +   (no boots)
Stlth    +.........             u - amulet of magic regeneration
Regen    0.2/turn               (no ring)
MPRegen  0.2/turn               o - ring of resist corrosion

@: brilliant, sanguine armour, very slightly contaminated, heavily drained
A: clarity, clumsy 1, fire resistance 1, nightstalker 1, no potion heal 1,
sanguine armour 1
a: no special abilities


You were on level 4 of the Dungeon.
You were very hungry.

You visited 1 branch of the dungeon, and saw 4 of its levels.

You collected 173 gold pieces.

Inventory:

Hand Weapons
 a - a +0 long sword (weapon)
Armour
 b - a +0 scale mail (worn)
 c - a +0 shield (worn)
 v - a +0 helmet (worn)
Jewellery
 e - an uncursed amulet of harm
 o - a ring of resist corrosion (left hand)
 u - an amulet of magic regeneration (around neck)
Scrolls
 g - 3 scrolls of teleportation {unknown}
 j - a scroll of enchant armour {unknown}
 l - 4 scrolls of magic mapping {unknown}
 m - 2 scrolls of identify {unknown}
 p - 2 scrolls of fog {unknown}
 q - 2 scrolls of recharging {unknown}
 s - a scroll of remove curse {unknown}
Potions
 d - a potion of might
 h - a potion of brilliance
 k - a potion of lignification
Comestibles
 f - a bread ration
 n - 3 royal jellies
 t - 3 meat rations


   Skills:
 + Level 3.5(2.3) Fighting
 * Level 3.4(2.2) Long Blades
 + Level 3.2(2.0) Armour
 + Level 2.2(1.1) Dodging
 + Level 3.4(2.2) Shields


You had 4 spell levels left.
You didn't know any spells.

Dungeon Overview and Level Annotations

Branches:
Dungeon (4/15)
 Temple: D:4-7

Altars:
Ru
Trog
Wu Jian

Annotations:
D:4 Dowan


Innate Abilities, Weirdness & Mutations

You are slightly more attuned to the shadows.
When seriously injured, your bleeding wounds create armour. (AC +6)
You possess an exceptional clarity of mind.
You are clumsy. (Dex -2)
Your flesh is heat resistant. (rF+)
Potions are less effective at restoring your health.


Message History

You hit Duvessa.
Duvessa is almost dead.
Duvessa hits you with an antimagic short sword.
* * * LOW HITPOINT WARNING * * *
You feel your power leaking away.
You hit Duvessa.
Duvessa is almost dead.
Duvessa hits you but does no damage.
Your shield and scale mail prevent you from hitting Duvessa.
Duvessa is almost dead.
Duvessa barely misses you.
You riposte.
You slash Duvessa!
You kill Duvessa!
Dowan screams, "No!
Oh no!"
You flicker back into view.
Dowan seems to find hidden reserves of power!
There is a stone staircase leading up here.
Dowan casts a spell at you. The shard of ice hits you!
Ouch! That really hurt!
You die...

#..## #...#
...... #...#
...... #...#
...... +...#
$..... #...#
......
.###.@e##......
.........)......
........#######+
........#
.........
..........
..#.......
#.....##


You could see Dowan.

Vanquished Creatures
  Duvessa (D:4)
  A worker ant (D:3)
  Robin (D:3)
  3 adders (D:3)
  3 oozes
  2 worms (D:3)
  A dart slug (D:1)
  2 leopard geckos (D:1)
  4 orcs (D:3)
  A ball python (D:2)
  4 giant cockroaches
  11 hobgoblins
  5 jackals
  12 kobolds
  4 bats
  2 frilled lizards
  14 goblins
  8 rats
79 creatures vanquished.

Notes
Turn   | Place    | Note
-------+----------+-------------------------------------------
     0 | D:1      | Alarkh the Demonspawn Fighter began the quest for the Orb.
     0 | D:1      | Reached XP level 1. HP: 18/18 MP: 1/1
     6 | D:1      | Noticed an ogre
     8 | D:1      | Noticed a formicid
    10 | D:1      | Noticed a minotaur skeleton
    14 | D:1      | Noticed a formicid
    16 | D:1      | Noticed a troll
   274 | D:1      | Gained mutation: When seriously injured, your bleeding wounds create armour. (AC +6) [demonic ancestry]
   274 | D:1      | Reached XP level 2. HP: 22/24 MP: 2/2
   859 | D:1      | Gained mutation: You are slightly more attuned to the shadows. [demonic ancestry]
   859 | D:1      | Reached XP level 3. HP: 27/29 MP: 3/3
   915 | D:1      | Reached skill level 1 in Dodging
  1292 | D:2      | Found a sacrificial altar of Ru.
  1920 | D:2      | Found a bloodstained altar of Trog.
  1995 | D:3      | Reached XP level 4. HP: 30/35 MP: 4/4
  2335 | D:3      | Found an ornate altar of the Wu Jian Council.
  2373 | D:3      | Noticed Robin
  2429 | D:3      | Killed Robin
  2958 | D:3      | Reached XP level 5. HP: 36/41 MP: 5/5
  3881 | D:4      | Noticed Duvessa
  3882 | D:4      | Noticed Dowan
  3885 | D:4      | Gained mutation: You are clumsy. (Dex -2) [potion of mutation]
  3885 | D:4      | Gained mutation: Your flesh is heat resistant. (rF+) [potion of mutation]
  3885 | D:4      | Gained mutation: Potions are less effective at restoring your health. [potion of mutation]
  3885 | D:4      | Gained mutation: You possess an exceptional clarity of mind. [potion of mutation]
  3897 | D:4      | Killed Duvessa
  3900 | D:4      | Killed from afar by Dowan

Vault maps used:
D:1:      shiori_arrival_whats_in_store_for_you
D:2:      overflow_temple_1_default, lightli_temple_of_fire
D:3:      old_standard_altar, uniq_robin
D:4:      lemuel_round_altar, old_standard_altar, first_bread,
          minmay_ruined_shrine, uniq_duvessa, uniq_grinder, uniq_edmund,
          uniq_menkaure

Skill      XL: |  1  2  3  4 |
---------------+-------------+-----
Long Blades    | 2 3 |  3.4
Dodging        | 1 2 |  2.2
Shields        | 3 |  3.4
Armour         | 3 |  3.2
Fighting       | |  3.5

Action                   |  1- 3 |  4- 6 || total
-------------------------+-------+-------++-------
Melee: Long sword        |   151 |   142 ||   293
  Use: Potion            |       |     5 ||     5
 Stab: Sleeping          |       |     1 ||     1
       Invisible         |       |     1 ||     1
  Eat: Chunk             |     4 |     5 ||     9
Armor: Scale mail        |    96 |    62 ||   158
       Skin              |       |    14 ||    14
Dodge: Dodged            |    47 |    53 ||   100
Block: Shield            |    76 |    74 ||   150
       Rpst.: Long sword |    18 |    14 ||    32
